Map: Neon Violet Square LE

Players

LennySaravia

  • Race: Terran Terran
  • League: Gold
  • Spawn Location: 11:00

Juxtapose - Winner!

  • Race: Terran Terran
  • League: Gold
  • Spawn Location: 5:00

VOD

https://youtu.be/6tar26gxwZ0

Description

I've seen Terran players do proxies before, but never their entire Tech Tree!

That made this match far more interesting than my usual Terran vs Terran.

Time

  • Played on: Dec. 17, 2017, 10:28 a.m.
  • Length: 6:23
Show
View Real Time Build Order
Export as new Build Order

LennySaravia Terran 

Build Orders:  

Get SALT Encoding   

  12  0:01  SCV  
  13  0:13  SCV  
  14  0:20  Supply Depot  
  14  0:26  SCV  
  15  0:41  Refinery  
  15  0:42  SCV  
  16  0:54  SCV  
  17  0:58  Supply Depot  
  17  0:59  Refinery  
  17  1:06  SCV  
  18  1:18  SCV  
  19  1:28  Barracks  
  19  1:30  SCV  
  20  1:36  Supply Depot  
  20  1:42  SCV  
  21  1:54  SCV  
  22  2:08  SCV  
  23  2:16  Factory  
  23  2:17  Barracks Reactor  
  23  2:20  SCV  
  24  2:34  Orbital Command  
  24  2:51  Bunker  
  24  3:06  Barracks  
  24  3:08  Cyclone x2, Marine  
  31  3:15  Supply Depot  
  31  3:29  Starport  
  31  3:31  Marine  
  32  3:38  Supply Depot  
  32  3:42  Cyclone x2  
  38  4:00  Barracks Tech Lab  
  38  4:01  Marine  
  39  4:09  Starport Tech Lab  
  39  4:15  Bunker  
  40  4:26  Cyclone x2  
  47  4:31  Marauder  
  47  4:34  Banshee  
  50  4:53  Marauder  
  48  5:08  Supply Depot  
  48  5:11  SCV  
  49  5:17  Banshee  
  49  5:19  Reaper  
  51  5:28  Widow Mine x2  
Show
View Real Time Build Order
Export as new Build Order

Juxtapose Terran - Winner!

Build Orders:  

Get SALT Encoding   

  12  0:01  SCV  
  13  0:13  SCV  
  14  0:21  Supply Depot  
  14  0:25  SCV  
  15  0:42  SCV  
  16  0:45  Barracks  
  16  0:48  Supply Depot  
  16  0:54  SCV  
  17  1:00  Refinery  
  17  1:06  SCV  
  18  1:18  Refinery  
  18  1:19  SCV  
  19  1:32  Orbital Command  
  19  1:50  Marine  
  20  1:57  Bunker  
  20  1:59  SCV  
  21  2:11  SCV  
  21  2:12  Factory  
  22  2:20  Barracks Reactor  
  22  2:23  SCV  
  22  2:27  Engineering Bay  
  23  2:35  SCV  
  24  2:48  SCV  
  25  2:53  Supply Depot  
  25  2:58  Missile Turret  
  25  2:59  Factory Tech Lab  
  25  3:02  SCV  
  25  3:05  Marine x2  
  28  3:14  Bunker  
  28  3:17  Supply Depot  
  28  3:18  Siege Tank  
  31  3:23  Marine  
  31  3:27  Terran Infantry Weapons Level 1  
  32  3:37  Marine  
  32  3:41  Marine  
  34  3:50  Siege Tank  
  34  3:54  Marine  
  38  3:58  Marine  
  39  4:07  Starport  
  39  4:12  Marine  
  39  4:16  Marine  
  41  4:22  Siege Tank  
  44  4:30  Marine  
  45  4:34  Marine  
  46  4:48  Marine  
  47  4:56  Marine  
  47  5:05  Supply Depot  
  47  5:26  Marine x2  
  45  5:44  Marine x2, Siege Tank  
  40  6:02  Marine x2  
  39  6:07  Starport Reactor  
Tags
 
Add a new tag
Caveats
  • Supply blocks, unpowered buildings, or Contaminate may cause inaccurate times.
  • Supply counts are checked every 10 seconds.